 Dungeon Crawl Stone Soup version 0.31-a0-121-g1e386dd289 (webtiles) character file.

Game seed: 3637920396822924423

12519 mopl the Cleaver (level 11, -1/86 HPs)
             Began as a Demonspawn Fighter on May 31, 2023.
             Was a Priest of Makhleb.
             Slain by a cyclops (18 damage)
             ... on level 11 of the Dungeon.
             The game lasted 00:16:30 (9278 turns).

mopl the Cleaver (Demonspawn Fighter)               Turns: 9278, Time: 00:16:30

Health: -1/86      AC: 16    Str: 24    XL:     11   Next: 63%
Magic:  16/16      EV: 16    Int: 10    God:    Makhleb [***...]
Gold:   465        SH:  5    Dex: 20    Spells: 10/10 levels left

rFire   . . .        a - +0 war axe
rCold   . . .        c - +0 buckler
rNeg    . . .        P - +4 scale mail "Feasuo" {Dex+2}
rPois   +            v - +0 helmet
rElec   .            C - +1 cloak {Will+}
rCorr   .            x - +0 pair of gloves
SInv    .            (no boots)
Will    +....        q - amulet of regeneration Stlth
                     o - ring of Peoqe {rPois Str+3}
HPRegen 1.14/turn    y - +6 ring of dexterity
MPRegen 0.15/turn

%: no passive effects
@: no status effects
A: repulsion field 1, foul stench 1, demonic touch 1
a: Renounce Religion, Minor Destruction, Lesser Servant of Makhleb


You were on level 11 of the Dungeon.
You worshipped Makhleb.
Makhleb was most pleased with you.
You visited 1 branch of the dungeon, and saw 11 of its levels.

You collected 646 gold pieces.
You spent 181 gold pieces at shops.

Inventory:

Hand Weapons
 a - a +0 war axe (weapon)
 b - the +7 scimitar of Wrath {flame, rF+ rC+ Int-2}
   (You found it on level 8 of the Dungeon)

   Int:       It affects your intelligence (-2).
   rF:        It protects you from fire.
   rC:        It protects you from cold.
Missiles
 h - 38 poisoned darts (quivered)
 j - 2 javelins
 A - 6 boomerangs
 G - a silver boomerang
 L - 5 curare-tipped darts
 O - 7 throwing nets
 Q - a boomerang of dispersal
Armour
 c - a +0 buckler (worn)
 v - a +0 helmet (worn)
 x - a +0 pair of gloves (worn)
 C - a +1 cloak of willpower (worn)
 P - the +4 scale mail "Feasuo" (worn) {Dex+2}
   (You found it on level 10 of the Dungeon)

   Dex:       It affects your dexterity (+2).
Jewellery
 o - the ring of Peoqe (left hand) {rPois Str+3}
   (You found it on level 2 of the Dungeon)

   [ring of poison resistance]

   Str:       It affects your strength (+3).
   rPois:     It protects you from poison.
 q - an amulet of regeneration (around neck)
 s - a ring of flight
 y - a +6 ring of dexterity (right hand)
 K - an amulet of guardian spirit
 M - a ring of willpower
Wands
 d - a wand of flame (25)
 D - a wand of polymorph (9)
 I - a wand of mindburst (11)
 J - a wand of paralysis (24)
Scrolls
 l - 5 scrolls of fog {unknown}
 m - a scroll of immolation
 n - 2 scrolls of brand weapon {unknown}
 p - 2 scrolls of fear {unknown}
 r - 7 scrolls of teleportation {unknown}
 u - 4 scrolls of noise {unknown}
 w - 3 scrolls of magic mapping {unknown}
 B - a scroll of silence {!r}
 F - 3 scrolls of enchant armour {unknown}
 H - a scroll of torment {!r}
Potions
 e - a potion of brilliance
 f - 2 potions of mutation {!q}
 g - a potion of enlightenment
 i - a potion of berserk rage {!q}
 k - 3 potions of magic
 t - a potion of invisibility
 z - 4 potions of heal wounds
 E - 2 potions of lignification {!q}
 N - a potion of cancellation


   Skills:
 + Level 7.9 Fighting
 * Level 9.5 Axes
 + Level 5.6 Throwing
 + Level 7.1 Armour
 + Level 6.4 Dodging
 - Level 2.6 Shields
 + Level 7.2 Invocations
 + Level 4.9 Evocations


You had 10 spell levels left.
You didn't know any spells.
Your spell library contained the following spells:

 Spells                   Type           Power      Damage    Failure   Level
 Magic Dart               Conj           0%         1d3       71%         1
 Call Imp                 Summ           0%         N/A       83%         2
 Cigotuvi's Dreadful Rot  Necr/Pois/Air  0%         N/A       83%         2
 Poisonous Vapours        Pois/Air       0%         N/A       83%         2
 Dazzling Flash           Conj/Hex       0%         N/A       97%         3
 Mephitic Cloud           Conj/Pois/Air  0%         N/A       97%         3
 Dispel Undead            Necr           0%         3d6       100%        4
 Agony                    Necr           0%         N/A       100%        5
 Freezing Cloud           Conj/Ice/Air   0%         6-21      100%        5
 Silence                  Hex/Air        0%         N/A       100%        5
 Death Channel            Necr           0%         N/A       100%        6


Dungeon Overview and Level Annotations

Branches:
Dungeon (11/15)            Temple (0/1) D:7            Lair (0/5) D:9
    Orc (0/2) D:11

Altars:
Dithmenos
Fedhas
Kikubaaqudgha
Makhleb
Ru
Trog
Uskayaw
Vehumet
Xom
Yredelemnul

Shops:
D:3 =   D:5 [   D:6 (*   D:11 :

Portals:
Trove: D:10 (give +2 gold dragon scales)

Annotations:
D:3 1 runed translucent door, t4s4d4r's ghost, amateur DgSu
D:7 2 transporters, senseless's ghost, novice OgGl


Innate Abilities, Weirdness & Mutations

You are surrounded by a mild repulsion field. (EV +2)
You may rarely emit foul miasma when damaged in melee.
Your touch may inflict minor irresistible damage on your foes.


Message History

You now have 465 gold pieces (gained 44).
Things that are here:
a +0 club; a +0 chain mail; a +0 club
Things that are here:
a +0 short sword; a +0 leather armour; an orc corpse
Found 2 stones.
w - 3 scrolls labelled TYIRGH ZAKEE (gained 1)
Found a stone staircase leading up.
A cyclops comes into view.
The cyclops shouts!
You see here 11 gold pieces.
The cyclops throws a large rock.
The large rock closely misses you.
The cyclops throws a large rock.
The large rock hits you!! The cyclops hits you!
You slash the cyclops!
The cyclops is moderately wounded.
The cyclops hits you!
You are too injured to fight recklessly!
You are too injured to fight recklessly!
You are too injured to fight recklessly!
You are too injured to fight recklessly!
You are too injured to fight recklessly!
You are too injured to fight recklessly!
You are too injured to fight recklessly!
You are too injured to fight recklessly!
You are too injured to fight recklessly!
You are too injured to fight recklessly!
You are too injured to fight recklessly!
You are too injured to fight recklessly!
You are too injured to fight recklessly!
You hit the cyclops.
The cyclops is moderately wounded.
You hit the cyclops.
The cyclops is moderately wounded.
The cyclops hits you!!
* * * LOW HITPOINT WARNING * * *
You hit the cyclops.
The cyclops is moderately wounded.
The cyclops hits you!!
You die...

#. #. #. #. #. #.
#C########
#.@......# ....#
#........# ...#
#........# #..#
#........# ..
#..# #........#
#. #..#
#.$......# #.
#..#####.(.<....#
#.#
#...............#
#.#
#...............#


You could see a cyclops.

Vanquished Creatures
  Harold (D:10)
  3 two-headed ogres
  Amaemon (D:9)
  Pikel (D:9)
  A manticore (D:11)
  A gargoyle (D:9)
  An orange demon (D:8)
  An unseen horror (D:11)
  Sigmund (D:5)
  14 yaks
  2 wraiths (D:10)
  3 wyverns (D:9)
  A basilisk (D:9)
  2 steam dragons
  An acid dragon (D:9)
  Duvessa (D:4)
  4 water moccasins
  A sky beast (D:6)
  4 orc warriors
  2 black bears
  A phantom (D:4)
  2 centaurs
  A bullfrog (D:7)
  A gnoll sergeant (D:9)
  A lemure (D:9)
  A kobold brigand (D:7)
  3 scorpions
  2 jellies
  20 wights
  Dowan (D:4)
  3 killer bees (D:9)
  3 howler monkeys
  A crimson imp (D:5)
  3 hounds
  14 orc priests
  A gnoll bouda (D:7)
  15 orc wizards
  3 iguanas
  14 gnolls
  6 adders
  2 shadow imps
  A white imp (D:3)
  2 ufetubi
  A worm (D:3)
  4 dart slugs
  47 orcs
  4 endoplasms
  A giant cockroach (D:2)
  13 goblins
  6 hobgoblins
  A jackal (D:6)
  8 kobolds
  5 quokkas
  8 ball pythons
  6 bats
  5 frilled lizards
  2 rats
258 creatures vanquished.

Notes
Turn   | Place    | Note
-------+----------+-------------------------------------------
     0 | D:1      | mopl the Demonspawn Fighter began the quest for the Orb.
     0 | D:1      | Reached XP level 1. HP: 18/18 MP: 1/1
    65 | D:1      | Reached skill level 2 in Axes
   262 | D:1      | Gained mutation: Your touch may inflict minor irresistible
                  | damage on your foes. [demonic ancestry]
   262 | D:1      | Reached XP level 2. HP: 17/24 MP: 2/2
   278 | D:1      | You fall into a shaft and drop 1 floor!
   457 | D:2      | Identified the ring of Peoqe {rPois Str+3}
   781 | D:2      | Gained mutation: You may rarely emit foul miasma when
                  | damaged in melee. [demonic ancestry]
   781 | D:2      | Reached XP level 3. HP: 18/29 MP: 3/3
   783 | D:2      | Reached skill level 3 in Armour
   783 | D:2      | Reached skill level 1 in Dodging
   926 | D:2      | Found a faded altar of an unknown god.
   974 | D:2      | Found a bloodstained altar of Trog.
  1359 | D:3      | Found Kiun's One-of-a-Kind Rings.
  1369 | D:3      | Reached XP level 4. HP: 21/35 MP: 4/4
  1386 | D:3      | Reached skill level 3 in Axes
  1518 | D:3      | Reached XP level 5. HP: 30/42 MP: 5/5
  2011 | D:3      | Found a hide-covered altar of Uskayaw.
  2035 | D:3      | Found a runed translucent door.
  2074 | D:3      | Found a blossoming altar of Fedhas.
  2267 | D:3      | Noticed t4s4d4r's ghost (amateur DgSu)
  2308 | D:4      | Found a shadowy altar of Dithmenos.
  2358 | D:4      | Reached skill level 2 in Dodging
  2439 | D:4      | Reached skill level 4 in Fighting
  2447 | D:4      | Reached XP level 6. HP: 29/48 MP: 6/6
  2553 | D:4      | Reached skill level 4 in Axes
  2783 | D:4      | Gained mutation: You are surrounded by a mild repulsion
                  | field. (EV +2) [demonic ancestry]
  2783 | D:4      | Reached XP level 7. HP: 45/55 MP: 7/7
  2803 | D:4      | Noticed Duvessa
  2809 | D:4      | Noticed Dowan
  2822 | D:4      | Killed Duvessa
  2823 | D:4      | Reached skill level 4 in Armour
  2823 | D:4      | Reached skill level 3 in Dodging
  2834 | D:4      | Killed Dowan
  2871 | D:4      | Found a radiant altar of Vehumet.
  3105 | D:5      | Entered Level 5 of the Dungeon
  3105 | D:5      | Found Weusk's Armour Shop.
  3108 | D:5      | Bought a +1 cloak of willpower for 181 gold pieces
  3143 | D:5      | Reached skill level 5 in Axes
  3151 | D:5      | Noticed Sigmund
  3165 | D:5      | Killed Sigmund
  3583 | D:5      | Reached skill level 1 in Throwing
  3597 | D:5      | Reached skill level 5 in Fighting
  3597 | D:5      | Reached XP level 8. HP: 52/62 MP: 8/8
  3725 | D:5      | Found a shimmering altar of Xom.
  3725 | D:5      | Found a burning altar of Makhleb.
  3737 | D:5      | Became a worshipper of Makhleb the Destroyer
  3850 | D:6      | Found Coteam's Overcharged Wands.
  3865 | D:6      | Reached skill level 6 in Axes
  3865 | D:6      | Reached skill level 2 in Throwing
  3865 | D:6      | Reached skill level 1 in Invocations
  3993 | D:6      | Reached skill level 4 in Dodging
  4108 | D:6      | Reached skill level 5 in Armour
  4108 | D:6      | Reached skill level 2 in Invocations
  4443 | D:6      | Found a sacrificial altar of Ru.
  4504 | D:6      | Found Uleiff's Weapon Emporium.
  4813 | D:7      | Found a transporter.
  4837 | D:7      | Noticed a cyclops
  4839 | D:7      | Noticed senseless's ghost (novice OgGl)
  4845 | D:7      | Found a transporter.
  5043 | D:7      | Reached XP level 9. HP: 42/69 MP: 9/11
  5109 | D:7      | Noticed a two-headed ogre
  5141 | D:6      | Reached skill level 3 in Invocations
  5209 | D:7      | Killed a two-headed ogre
  5209 | D:7      | Reached * piety under Makhleb
  5210 | D:7      | Reached skill level 6 in Fighting
  5210 | D:7      | Reached skill level 7 in Axes
  5210 | D:7      | Reached skill level 3 in Throwing
  5210 | D:7      | Reached skill level 1 in Evocations
  5404 | D:7      | Found a basalt altar of Yredelemnul.
  5649 | D:7      | Found a staircase to the Ecumenical Temple.
  5965 | D:8      | Found a transporter.
  5971 | D:8      | Found a transporter.
  6036 | D:8      | Reached skill level 4 in Invocations
  6036 | D:8      | Reached skill level 2 in Evocations
  6344 | D:8      | Found a transporter.
  6346 | D:8      | Found a transporter.
  6363 | D:8      | Found a transporter.
  6381 | D:8      | Found a transporter.
  6495 | D:8      | Noticed a two-headed ogre
  6506 | D:8      | Killed a two-headed ogre
  6507 | D:8      | Reached skill level 5 in Dodging
  6507 | D:8      | Reached XP level 10. HP: 76/77 MP: 13/13
  6634 | D:8      | Identified the +7 scimitar of Wrath {flame, rF+ rC+ Int-2}
  6878 | D:9      | Reached skill level 4 in Throwing
  6894 | D:9      | Reached skill level 6 in Armour
  6901 | D:9      | Reached skill level 8 in Axes
  6901 | D:9      | Reached skill level 5 in Invocations
  6901 | D:9      | Reached skill level 3 in Evocations
  7012 | D:9      | Found a staircase to the Lair.
  7026 | D:9      | Reached ** piety under Makhleb
  7115 | D:9      | Reached skill level 7 in Fighting
  7226 | D:9      | Noticed an orange demon
  7226 | D:9      | Noticed Amaemon
  7277 | D:8      | Killed an orange demon
  7300 | D:9      | Killed Amaemon
  7301 | D:9      | Reached skill level 6 in Invocations
  7424 | D:9      | Reached skill level 4 in Evocations
  7607 | D:9      | Reached XP level 11. HP: 84/84 MP: 15/15
  7748 | D:9      | Found an ancient bone altar of Kikubaaqudgha.
  7834 | D:9      | Noticed Pikel
  7853 | D:9      | Killed Pikel
  7854 | D:9      | Reached skill level 5 in Throwing
  7961 | D:9      | Reached skill level 9 in Axes
  8076 | D:10     | Entered Level 10 of the Dungeon
  8101 | D:10     | Reached skill level 6 in Dodging
  8342 | D:10     | Identified the +4 scale mail "Feasuo" {Dex+2}
  8369 | D:10     | Reached *** piety under Makhleb
  8401 | D:10     | Found a portal to a secret trove of treasure.
  8689 | D:10     | Noticed Harold
  8701 | D:10     | Killed Harold
  8702 | D:10     | Reached skill level 7 in Armour
  8991 | D:11     | Found Vyamon's Book Emporium.
  9000 | D:11     | Reached skill level 7 in Invocations
  9055 | D:11     | Noticed a two-headed ogre
  9063 | D:11     | Killed a two-headed ogre
  9147 | D:11     | Found a staircase to the Orcish Mines.
  9278 | D:11     | Slain by a cyclops

Illustrated notes

Levels and vault maps discovered:
D:1:      dpeg_arrival_simpleton_c, layout_rooms
D:2:      layout_loops_ring, shapermc_ecumenical_altar_totnotflames,
          basic_altar, kennysheep_nondescript
D:3:      layout_loops_ring, marbit_many_paths, fedhas_altar_fruit_tree,
          ebering_ghost_reflecting_pool, st_stairs_9, nicolae_shop_unique_rings
D:4:      layout_cave_pools, mainiacjoe_overflow_chevrons, pf_just_have_faith,
          uniq_duvessa
D:5:      layout_gridville, grunt_temple_overflow_champion_of_chaos,
          serial_shops, nicolae_stop_n_shop_2, palyth_stone_intersect,
          amcnicky_mini_corridor_feature, uniq_sigmund
D:6:      nicolae_cairo_tiling_very_big, layout_basic,
          nicolae_ru_great_annihilating_truth, serial_shops,
          nicolae_shop_rolling_square, nicolae_shop_overcharged_wands
D:7:      layout_cave_pods, lemuel_round_altar, lemuel_temple_firewalk_a,
          gammafunk_ghost_arena
D:8:      layout_basic, minmay_misc_feat_ornament, serial_nicolae_subway,
          nicolae_sub_station_metal, nicolae_sub_station_crystal,
          nicolae_sub_station_stone
D:9:      layout_loops_ring, minitemple, minmay_lair_entry_grove,
          nicolae_the_louvre, uniq_pikel, uniq_amaemon
D:10:     layout_basic, nicolae_trove_entry_free_sample, uniq_harold
D:11:     layout_long_grid, hiddenorc2_lemuel, grunt_decor_resistance,
          minmay_misc_feat_encased, minmay_crystal_room, nicolae_take_the_stairs

Skill      XL: |  1  2  3  4  5  6  7  8  9 10 11 |
---------------+----------------------------------+-----
Axes           | 2 3 4 5 6 7 8 9 |  9.5
Armour         | 3 4 5 6 7 |  7.1
Dodging        | 1 2 3 4 5 6 |  6.4
Fighting       | 4 5 6 7 |  7.9
Throwing       | 1 2 3 4 5 |  5.6
Invocations    | 2 4 6 7 |  7.2
Evocations     | 2 4 |  4.9
Shields        | |  2.6

Action                     |  1- 3 |  4- 6 |  7- 9 | 10-12 || total
---------------------------+-------+-------+-------+-------++-------
  Melee: War axe           |   124 |   117 |   314 |   527 ||  1082
  Throw: Dart              |       |       |     1 |     2 ||     3
  Evoke: Wand              |       |       |     1 |     6 ||     7
    Use: Potion            |       |       |     2 |     2 ||     4
         Scroll            |       |       |    10 |     3 ||    13
   Stab: Paralysed         |       |       |       |     4 ||     4
 Armour: Scale mail        |    31 |       |       |    54 ||    85
         Chain mail        |    29 |    72 |    88 |       ||   189
         Plate armour      |       |       |    80 |   214 ||   294
  Dodge: Dodged            |    47 |    74 |   183 |   259 ||   563
  Block: Buckler           |    22 |    38 |    99 |   141 ||   300

Table legend: (Time is in decaauts)
 A = Elapsed time spent in this place.
 B = Non-inter-level travel time spent in this place.
 C = Inter-level travel time spent in this place.
 D = Time resting spent in this place.
 E = Time spent auto-exploring this place.
 F = Levels seen in this place.
 G = Mean time per level.
                   A        B        C        D        E       F      G
               +--------+--------+--------+--------+--------+-----+--------+
         Total |   9491 |   9103 |    388 |   1168 |   5429 |  11 |  862.8 |
       Dungeon |   9491 |   9103 |    388 |   1168 |   5429 |  11 |  862.8 |
               +--------+--------+--------+--------+--------+-----+--------+

Top non-repeatable levels by time:
     D:9: 1431 daAuts
     D:7: 1052 daAuts
     D:6: 1030 daAuts
     D:4: 995 daAuts
     D:3: 981 daAuts
     D:8: 948 daAuts
     D:2: 914 daAuts
    D:10: 749 daAuts
     D:5: 617 daAuts
     D:1: 477 daAuts
    D:11: 293 daAuts
